 Dungeon Sprint DCSS version 0.31.0-32-g396128a36d (webtiles) character file.

Game seed: 5326990189184020858

291104 Heoruswealwe the Skullcrusher (level 18, -34/200 HPs)
             Began as a Minotaur Fighter on Apr 19, 2024.
             Was an Initiate of Gozag.
             Killed from afar by an orb of fire (99 damage)
             ... with a fireball
             ... in the Dungeon (Sprint IX: "|||||||||||||||||||||||||||||").
             The game lasted 01:22:52 (11750 turns).

Heoruswealwe the Skullcrusher (Minotaur Fighter)   Turns: 11750, Time: 01:22:53

Health: -34/200    AC: 49    Str: 38    XL:     18   Next: 43%
Magic:  0/17       EV: 27    Int:  5    God:    Gozag
Gold:   3433       SH: 25    Dex: 13    Spells: 17/17 levels left

rFire   . . .        b - +7 sceptre of Torment {pain, torment}
rCold   + . .        d - +1 tower shield {AC+3}
rNeg    + . .        c - +15 Maxwell's patent armour {-Cast -Tele rElec Will+ rCorr}
rPois   +            g - +0 hat {Will+}
rElec   +            h - +0 cloak {rCorr}
rCorr   +            e - +3 Mad Mage's Maulers {Infuse+∞ VampMP -Cast}
SInv    +            t - +2 pair of slick slippers {slick, slippery, EV+4}
Will    +++..        i - amulet of Miehid {Spirit Str+3 SInv Stlth-} Stlth
                     k - ring "Gocvakk" {rPois rN+ EV+3 Str+2 Dex+4}
HPRegen 0.53/turn    j - ring "Qavvocu" {rC+ Str+3}
MPRegen 0.15/turn

%: no teleportation, no spellcasting, guardian spirit
@: no status effects
A: horns 2, retaliatory headbutt
}: 5/17 runes: decaying, serpentine, barnacled, silver, gossamer
a: Renounce Religion, Potion Petition, Call Merchant, Bribe Branch


You were in the Dungeon.
You worshipped Gozag.
Gozag was most pleased with you.
You visited 1 branch You collected 42710 gold pieces.
You spent 14407 gold pieces at shops.
You paid 24870 gold pieces to Gozag.

Inventory:

Hand Weapons
 a - a +9 demon trident of electrocution
 b - the +7 sceptre of Torment (weapon) {pain, torment}
   (You found it in the Dungeon)
 K - the +12 glaive of Prune {freeze, Prune}
   (You found it in the Dungeon)

   Prune:     It halves damage taken while paralysed, petrified or unconscious.
Armour
 c - the +15 Maxwell's patent armour (worn) {-Cast -Tele rElec Will+ rCorr}
   (You bought it in a shop in the Dungeon)

   rElec:     It insulates you from electricity.
   Will+:     It increases your willpower.
   -Cast:     It prevents spellcasting.
   -Tele:     It prevents most forms of teleportation.
   rCorr:     It protects you from acid and corrosion.
 d - a +1 tower shield of protection (worn)
 e - the +3 Mad Mage's Maulers (worn) {Infuse+∞ VampMP -Cast}
   (You bought it in a shop in the Dungeon)

   Infuse+∞: It empowers its wearer's blows with all of their magic.
   VampMP:    Blows struck in melee replenish the wearer's magic.
   -Cast:     It prevents spellcasting.
 g - a +0 hat of willpower (worn)
 h - a +0 cloak of preservation (worn)
 t - the +2 pair of slick slippers (worn) {slick, slippery, EV+4}
   (You bought it in a shop in the Dungeon)

   Slick:     Its wearer cannot be constricted, engulfed, netted or webbed.
   Slippery:  Its wearer slips away from damaging melee attacks, pulling the
   attacker onward.
   EV+4:      It affects your evasion (+4).
 I - +4 gold dragon scales
 J - the +18 Lear's hauberk
   (You found it in the Dungeon)
 M - the +1 Delatra's gloves {ID++}
   (You bought it in a shop in the Dungeon)

   ID++:      It heals its wearer when they drink unknown potions, and restores
   their MP when they read unknown scrolls.
Jewellery
 i - the amulet of Miehid (around neck) {Spirit Str+3 SInv Stlth-}
   (You found it in the Dungeon)

   [amulet of guardian spirit]

   Spirit:    It causes incoming damage to be divided between your reserves of
   health and magic.
   Str+3:     It affects your strength (+3).
   SInv:      It lets you see invisible.
   Stlth-:    It makes you less stealthy.
 j - the ring "Qavvocu" (right hand) {rC+ Str+3}
   (You bought it in a shop in the Dungeon)

   [ring of protection from cold]

   Str+3:     It affects your strength (+3).
   rC+:       It protects you from cold.
 k - the ring "Gocvakk" (left hand) {rPois rN+ EV+3 Str+2 Dex+4}
   (You found it in the Dungeon)

   [ring of evasion]

   EV+3:      It affects your evasion (+3).
   Str+2:     It affects your strength (+2).
   Dex+4:     It affects your dexterity (+4).
   rPois:     It protects you from poison rN+: It protects you from negative
   energy.
Talismans
 H - a dragon-blood talisman
 L - a storm talisman
Wands
 q - a wand of light (5)
 u - a wand of polymorph (5)
 w - a wand of roots (14)
 x - a wand of charming (11)
 A - a wand of flame (7)
Scrolls
 m - 7 scrolls of blinking
 o - 10 scrolls of enchant weapon
 v - 3 scrolls of identify
 B - a scroll of brand weapon
 C - 4 scrolls of enchant armour
Potions
 l - 8 potions of haste
 n - 6 potions of might
 p - 7 potions of curing
 r - 4 potions of mutation
 s - a potion of ambrosia
 F - 2 potions of berserk rage
 G - 2 potions of heal wounds
Miscellaneous
 f - a phantom mirror
 y - a tin of tremorstones (2/2)
 z - a box of beasts
 D - a lightning rod (4/4)
 E - a phial of floods


   Skills:
 O Level 27 Fighting
 O Level 27 Maces & Flails
 - Level 16.0 Polearms
 O Level 27 Armour
 + Level 25.6 Dodging
 O Level 27 Shields
 + Level 22.4 Necromancy
 + Level 17.5 Evocations
 + Level 12.9 Shapeshifting


You had 17 spell levels left.
You didn't know any spells.
Your spell library was empty.

Dungeon Overview and Level Annotations

Branches:
Dungeon (1/1)

Altars:
Cheibriados
Dithmenos
Elyvilon
Fedhas
Gozag
Hepliaklqana
Kikubaaqudgha
Makhleb
Nemelex Xobeh
Okawaru
Qazlal
Ru
Sif Muna
Trog
Uskayaw
Vehumet
Wu Jian
Xom
Yredelemnul
Zin
The Shining One
Jiyva
Lugonu

Shops:
D [[(=**[*[***((***(*


Innate Abilities, Weirdness & Mutations

You have a pair of horns on your head.
You reflexively headbutt those who attack you in melee.


Message History

An ancient lich comes into view.
You stick the ancient lich like a pincushion!!!!
The ancient lich is severely damaged.
You crush the ancient lich like a grape!!!
You destroy the ancient lich!
You now have 3433 gold pieces (gained 81).
There is an open door here.
You start resting.
Magic restored.
As you open the door, it creaks loudly!
An orb of fire comes into view.
You beat the orb of fire like a drum!!!!
You headbutt the orb of fire.
The orb of fire is heavily damaged.
The orb of fire glows deep purple.
The fireball explodes!
The fireball engulfs you!!!
The fireball engulfs the orb of fire.
The orb of fire completely resists.
You closely miss the orb of fire.
The orb of fire is heavily damaged.
You puncture the orb of fire!
The orb of fire is heavily damaged.
You hit the orb of fire. Your headbutt misses the orb of fire.
The orb of fire is heavily damaged.
The orb of fire glows bright magenta.
The bolt of fire hits you!!!
You hit the orb of fire but do no damage.
The orb of fire is heavily damaged.
You hit the orb of fire but do no damage.
Your headbutt misses the orb of fire.
The orb of fire is heavily damaged.
You impale the orb of fire!!
The orb of fire is severely damaged.
The orb of fire glows yellow.
The bolt of fire hits you!!!
You impale the orb of fire!!
The orb of fire is almost destroyed.
The orb of fire glows yellow.
The fireball explodes!
The fireball engulfs you!!!!
You die...
Your body crumbles into a pile of gold.

*,*,*,*,*,*,▓.▓.▓.▓)▓)▓.▓.▓)▓.
*,*,*,*,*,*,▓.▓.▓.▓)▓.▓.▓.▓)▓.
*,*,*,*,*,*,▓.▓.▓.▓.▓)▓.▓.▓.▓.
*,*,*,*,*,*,▓.▓.▓)▓.▓)▓.▓.▓.▓.
*,*,*,*,*,*,▓.▓.▓'▓.▓)▓.▓.▓.▓.
*,*,*,*,*+*,▓.▓.▓)▓.▓.▓.▓.▓.▓.
*,*,*,*,*,*,▓.▓.▓)▓.▓.▓.▓.▓.▓.
*,*,*+*,*,*,▓'▓.▓.▓.▓.▓.▓.▓.▓.
*,*,*,*,*,*,▓@▓.▓.▓.▓.▓.▓!▓.▓.
*,*,*,*,*,*,▓*▓.▓.▓.▓[▓.▓.▓.▓.
*,*,*,*,*,*,▓.▓.▓.▓.▓[▓.▓.▓.▓.
*,*,*,*,*,*,▓+▓.▓.▓.▓.▓.▓)▓.▓.
*,*,*,*,*,*,*,▓.▓)▓[▓[▓.▓.▓.▓.
*,*,*,*,*,*,*+▓.▓)▓.▓[▓.▓)▓.▓'
*,*,*,*,*,*,*,▓.▓.▓.▓[▓.▓)▓.▓.
*,*,*,*,*,*,*,▓.▓.▓.▓.▓.▓)▓.▓.
*,*,*,*,*,*,*,▓.▓)▓.▓.▓)▓)▓.▓.


You could see an orb of fire.

Vanquished Creatures
  2 ancient liches (D)
  Mara (D)
  Sojobo (D)
  Boris (D)
  Margery (D)
  Saint Roka (D)
  5 golden dragons (D)
  A bone dragon (D)
  A hellephant (D)
  5 tentacled monstrosities (D)
  An electric golem (D)
  3 liches (D)
  15 Orb Guardians (D)
  A deep elf master archer (D)
  4 death cobs (D)
  2 storm dragons (D)
  Frances (D)
  5 shadow dragons (D)
  3 tengu reavers (D)
  A draconian monk (D)
  Ilsuiw (D)
  A protean progenitor (D)
  A frost giant (D)
  4 nagarajas (D)
  Aizul (D)
  A vault warden (D)
  A draconian scorcher (D)
  4 fire giants (D)
  3 emperor scorpions (D)
  Louise (D)
  A deep elf sorcerer (D)
  2 draconian annihilators (D)
  An orc warlord (D)
  2 ghost moths (D)
  2 formless jellyfish (D)
  4 very ugly things (D)
  5 stone giants (D)
  2 ironbound thunderhulks (D)
  4 black draconians (D)
  An eleionoma (D)
  4 green draconians (D)
  Nessos (D)
  2 deep elf death magi (D)
  A deep elf annihilator (D)
  3 yellow draconians (D)
  5 red draconians (D)
  A bunyip (D)
  2 dire elephants (D)
  Azrael (D)
  2 white draconians (D)
  6 ettins (D)
  4 purple draconians (D)
  Snorg (D)
  6 merfolk javelineers (D)
  4 fire dragons (D)
  A shambling mangrove (D)
  5 merfolk impalers (D)
  A mummy priest (D)
  5 yaktaur captains (D)
  An entropy weaver (D)
  A deep elf high priest (D)
  25 vault guards (D)
  3 ice dragons (D)
  A peacekeeper (D)
  6 hydras (D)
  4 ogre magi (D)
  A rakshasa (D)
  A spriggan air mage (D)
  A boulder beetle (D)
  2 alligators (D)
  A ghost crab (D)
  5 two-headed ogres (D)
  An ironbound frostheart (D)
  3 merfolk aquamancers (D)
  3 naga warriors (D)
  2 demonic crawlers (D)
  3 naga sharpshooters (D)
  An orc high priest (D)
  2 deep troll shamans (D)
  2 spriggan berserkers (D)
  A tengu warrior (D)
  3 deep troll earth magi (D)
  A shock serpent (D)
  3 hell knights (D)
  Nergalle (D)
  Sonja (D)
  A salamander mystic (D)
  A pharaoh ant (D)
  An orb spider (D)
  A sun moth (D)
  A bog body (D)
  An arcanist (D)
  A spriggan druid (D)
  8 swamp dragons (D)
  A glowing orange brain (D)
  A lindwurm (D)
  4 orc knights (D)
  4 ironbound convokers (D)
  A harpy (D)
  2 ugly things (D)
  2 wolf spiders (D)
  2 orc sorcerers (D)
  A cyclops (D)
  4 moths of wrath (D)
  2 manticores (D)
  8 elephants (D)
  A black mamba (D)
  3 guardian serpents (D)
  6 vault sentinels (D)
  3 naga magi (D)
  A torpor snail (D)
  2 cane toads (D)
  A yaktaur (D)
  A rime drake (D)
  An unseen horror (shapeshifter) (D)
  A komodo dragon (D)
  2 glass eyes (D)
  A bloated husk (D)
  4 merfolk (D)
  A snapping turtle (D)
  A hornet (shapeshifter) (D)
  A tarantella (D)
  A blink frog (D)
  A dream sheep (D)
  A slime creature (D)
  2 jumping spiders (D)
  5 fire elementals (D)
  3 yaks (D)
  A vampire (D)
  A steam dragon (D)
  A basilisk (D)
  A vampire mosquito (D)
  4 redbacks (D)
  An acid dragon (D)
  3 nagas (D)
  5 water moccasins (D)
  A hell hound (D)
  An ice beast (D)
  12 orc warriors (D)
  4 ogres (D)
  A centaur (D)
  A laughing skull (D)
  A wolf (D)
  A phantom (D)
  A kobold brigand (D)
  A bullfrog (shapeshifter) (D)
  A bullfrog (D)
  A scorpion (D)
  2 howler monkeys (D)
  A bombardier beetle (D)
  4 orc priests (D)
  A sleepcap (D)
  A hell rat (D)
  3 orc wizards (D)
  8 orcs (D)
  An endoplasm (D)
  2 giant cockroaches (D)
  A quokka (D)
  A rat (D)
389 creatures vanquished.

Vanquished Creatures (others)
  A fire giant (D)
  An occultist (D)
2 creatures vanquished.

Grand Total: 391 creatures vanquished

Notes
Turn   | Place    | Note
-------+----------+-------------------------------------------
     0 | D        | Heoruswealwe the Minotaur Fighter began the quest for the
                  | Orb.
     0 | D        | Reached XP level 1. HP: 19/19 MP: 0/0
    44 | D        | Noticed a bombardier beetle
    44 | D        | Noticed an ice beast
    44 | D        | Noticed a phantom
    44 | D        | Noticed a scorpion
    44 | D        | Noticed a sleepcap
    50 | D        | Killed an ice beast
    51 | D        | Reached XP level 2. HP: 21/31 MP: 1/1
    51 | D        | Reached XP level 3. HP: 26/38 MP: 2/2
    51 | D        | Reached XP level 4. HP: 31/45 MP: 3/3
    71 | D        | Killed a phantom
    72 | D        | Reached skill level 10 in Polearms
    72 | D        | Reached XP level 5. HP: 9/53 MP: 4/4
   255 | D        | Reached XP level 6. HP: 62/62 MP: 5/5
   265 | D        | Found a snail-covered altar of Cheibriados.
   265 | D        | Found a shadowy altar of Dithmenos.
   265 | D        | Found a white marble altar of Elyvilon.
   265 | D        | Found a blossoming altar of Fedhas.
   265 | D        | Found an opulent altar of Gozag.
   266 | D        | Found a hazy altar of Hepliaklqana.
   267 | D        | Found a viscous altar of Jiyva.
   268 | D        | Found an ancient bone altar of Kikubaaqudgha.
   269 | D        | Found a corrupted altar of Lugonu.
   270 | D        | Found a burning altar of Makhleb.
   271 | D        | Found a sparkling altar of Nemelex Xobeh.
   272 | D        | Found an iron altar of Okawaru.
   273 | D        | Became a worshipper of Gozag Ym Sagoz the Greedy
   274 | D        | Found a stormy altar of Qazlal.
   275 | D        | Found a sacrificial altar of Ru.
   276 | D        | Found a shimmering blue altar of Sif Muna.
   277 | D        | Found a bloodstained altar of Trog.
   278 | D        | Found a hide-covered altar of Uskayaw.
   279 | D        | Found a radiant altar of Vehumet.
   280 | D        | Found an ornate altar of the Wu Jian Council.
   281 | D        | Found a shimmering altar of Xom.
   282 | D        | Found a basalt altar of Yredelemnul.
   283 | D        | Found a glowing silver altar of Zin.
   284 | D        | Found a glowing golden altar of the Shining One.
   292 | D        | Found the +7 sceptre of Torment {pain, torment}
   353 | D        | Noticed a steam dragon
   353 | D        | Noticed an orc warrior
   353 | D        | Noticed a yak
   360 | D        | Killed a steam dragon
   361 | D        | Reached skill level 5 in Maces & Flails
   362 | D        | Killed an orc warrior
   363 | D        | Reached XP level 7. HP: 24/70 MP: 6/6
   367 | D        | Killed a yak
   368 | D        | Reached skill level 10 in Fighting
   368 | D        | Reached skill level 10 in Armour
   520 | D        | Noticed a vampire
   520 | D        | Noticed an arcanist
   520 | D        | Noticed a vampire mosquito
   520 | D        | Noticed a manticore
   524 | D        | Killed a vampire
   527 | D        | Killed an arcanist
   528 | D        | Reached skill level 10 in Maces & Flails
   528 | D        | Reached XP level 8. HP: 66/82 MP: 7/7
   532 | D        | Killed a manticore
   533 | D        | Reached skill level 5 in Necromancy
   538 | D        | Reached XP level 9. HP: 61/90 MP: 8/8
   741 | D        | Noticed a cane toad
   748 | D        | Killed a cane toad
   808 | D        | Noticed a rime drake
   808 | D        | Noticed an elephant
   808 | D        | Noticed a komodo dragon
   808 | D        | Noticed a cane toad
   814 | D        | Killed a rime drake
   822 | D        | Killed an elephant
   823 | D        | Reached XP level 10. HP: 87/101 MP: 9/9
   825 | D        | Reached skill level 15 in Maces & Flails
   827 | D        | Killed a cane toad
   861 | D        | Noticed an elephant
   861 | D        | Noticed an elephant
   861 | D        | Noticed an elephant
   861 | D        | Noticed an elephant
   861 | D        | Noticed an elephant
   861 | D        | Noticed an elephant
   866 | D        | Noticed a dire elephant
   866 | D        | Killed an elephant
   870 | D        | Killed an elephant
   876 | D        | Killed an elephant
   883 | D        | Killed a dire elephant
   885 | D        | Killed an elephant
   887 | D        | Killed an elephant
   888 | D        | Reached skill level 15 in Fighting
   888 | D        | Reached skill level 15 in Armour
   890 | D        | Killed an elephant
   891 | D        | Reached XP level 11. HP: 106/112 MP: 10/10
  1024 | D        | Noticed an orc knight
  1036 | D        | Killed an orc knight
  1125 | D        | Noticed an orc knight
  1128 | D        | Killed an orc knight
  1141 | D        | Noticed an orc sorcerer
  1156 | D        | Killed an orc sorcerer
  1178 | D        | Noticed an orc high priest
  1184 | D        | Noticed a soul eater
  1197 | D        | Killed an orc high priest
  1488 | D        | Found Ipoudau's Assorted Antiques.
  1488 | D        | Noticed a two-headed ogre
  1488 | D        | Noticed a two-headed ogre
  1488 | D        | Noticed an ogre mage
  1488 | D        | Noticed a two-headed ogre
  1490 | D        | Killed a two-headed ogre
  1494 | D        | Killed a two-headed ogre
  1501 | D        | Killed an ogre mage
  1503 | D        | Killed a two-headed ogre
  1506 | D        | Found Mettushro's General Store.
  1514 | D        | Noticed an ogre mage
  1519 | D        | Paralysed by an ogre mage for 3 turns
  1531 | D        | Killed an ogre mage
  1538 | D        | Found Vylebeal's Weapon Emporium.
  1542 | D        | Found Macer's Antique Weapon Shoppe.
  1544 | D        | Noticed a two-headed ogre
  1545 | D        | Noticed an ogre mage
  1546 | D        | Noticed an ogre mage
  1548 | D        | Noticed a two-headed ogre
  1567 | D        | Killed a two-headed ogre
  1574 | D        | Killed an ogre mage
  1575 | D        | Reached skill level 10 in Necromancy
  1580 | D        | Paralysed by something for 2 turns
  1584 | D        | Killed an ogre mage
  1585 | D        | Reached XP level 12. HP: 74/125 MP: 11/11
  1587 | D        | Killed a two-headed ogre
  1665 | D        | Bought a potion of might for 88 gold pieces
  1665 | D        | Bought a potion of curing for 66 gold pieces
  1665 | D        | Bought a scroll labelled RENGOU PUUBATT for 22 gold pieces
  1665 | D        | Bought a scroll labelled DEM XUBLAEMIR for 22 gold pieces
  1665 | D        | Bought a pink potion for 19 gold pieces
  1665 | D        | Bought a scroll of enchant weapon for 165 gold pieces
  1665 | D        | Bought a potion of curing for 66 gold pieces
  1667 | D        | Bought a scroll of enchant weapon for 75 gold pieces
  1667 | D        | Bought a scroll of poison for 40 gold pieces
  1667 | D        | Bought a scroll of immolation for 40 gold pieces
  1667 | D        | Bought a potion of might for 40 gold pieces
  1698 | D        | Bought a scroll labelled WEUVOP DIYKUZ for 38 gold pieces
  1698 | D        | Bought a bronze wand for 152 gold pieces
  1701 | D        | Bought a potion of curing for 81 gold pieces
  1701 | D        | Bought the +2 pair of slick slippers {slick, slippery,
                  | EV+4} for 729 gold pieces
  1701 | D        | Found the +2 pair of slick slippers {slick, slippery, EV+4}
  1701 | D        | Bought a scroll labelled DEM XUBLAEMIR for 27 gold pieces
  1701 | D        | Bought a shimmering iron ring for 135 gold pieces
  1701 | D        | Identified the ring of the Robin {rElec AC+4} (You bought
                  | it in a shop in the Dungeon)
  1701 | D        | Bought an ivory wand for 108 gold pieces
  1706 | D        | Bought a notched granite ring for 150 gold pieces
  1706 | D        | Bought a potion of curing for 90 gold pieces
  1706 | D        | Bought a potion of might for 120 gold pieces
  1712 | D        | Bought a scroll labelled DEM XUBLAEMIR for 34 gold pieces
  1712 | D        | Bought a scroll labelled COOPHUN OBIYS for 34 gold pieces
  1712 | D        | Bought a wand of charming (6) for 489 gold pieces
  1712 | D        | Bought a dented platinum amulet for 170 gold pieces
  1712 | D        | Bought a scroll labelled DEM XUBLAEMIR for 34 gold pieces
  1712 | D        | Bought a scroll of enchant weapon for 255 gold pieces
  2408 | D        | Noticed Sonja
  2418 | D        | Killed Sonja
  2797 | D        | Noticed a seven-headed hydra
  2797 | D        | Noticed a tengu warrior
  2801 | D        | Killed a seven-headed hydra
  2808 | D        | Noticed a brown very ugly thing
  2818 | D        | Killed a brown very ugly thing
  2821 | D        | Killed a tengu warrior
  2824 | D        | Noticed an ice dragon
  2827 | D        | Noticed a lich
  2828 | D        | Noticed a spriggan air mage
  2832 | D        | Killed an ice dragon
  2840 | D        | Killed a lich
  2841 | D        | Noticed a fire giant
  2843 | D        | Killed a spriggan air mage
  2854 | D        | Killed a fire giant
  3106 | D        | Noticed an ice dragon
  3114 | D        | Killed an ice dragon
  3228 | D        | Bought a wand of roots (4) for 220 gold pieces
  3228 | D        | Bought a silver wand for 92 gold pieces
  3270 | D        | Noticed Azrael
  3276 | D        | Killed Azrael
  3401 | D        | Noticed a bunyip
  3401 | D        | Noticed a shambling mangrove
  3401 | D        | Noticed an alligator
  3401 | D        | Noticed an alligator
  3406 | D        | Killed a bunyip
  3407 | D        | Reached XP level 13. HP: 123/137 MP: 12/12
  3555 | D        | Noticed an eleionoma
  3560 | D        | Killed an eleionoma
  3672 | D        | Noticed a merfolk impaler
  3680 | D        | Killed a merfolk impaler
  3686 | D        | Noticed a merfolk impaler
  3713 | D        | Killed a merfolk impaler
  4453 | D        | Bought an encrusted cabochon ring for 160 gold pieces
  4472 | D        | Noticed Nergalle
  4478 | D        | Killed Nergalle
  4478 | D        | Noticed Saint Roka
  4490 | D        | Killed Saint Roka
  4604 | D        | Identified the serpent talisman "Ytugyig" {Int+3 Stlth+}
  4604 | D        | Noticed Aizul
  4618 | D        | Killed Aizul
  4619 | D        | Reached XP level 14. HP: 65/151 MP: 13/13
  4878 | D        | Bought the +15 Maxwell's patent armour {-Cast -Tele rElec
                  | Will+ rCorr} for 2872 gold pieces
  4878 | D        | Found the +15 Maxwell's patent armour {-Cast -Tele rElec
                  | Will+ rCorr}
  4998 | D        | Noticed a stone giant
  4998 | D        | Noticed a cyan very ugly thing
  4998 | D        | Noticed a stone giant
  5001 | D        | Killed a stone giant
  5002 | D        | Reached skill level 27 in Maces & Flails
  5003 | D        | Killed a cyan very ugly thing
  5004 | D        | Reached skill level 1 in Dodging
  5007 | D        | Killed a stone giant
  5010 | D        | Reached skill level 5 in Shields
  5018 | D        | Noticed a fire giant
  5033 | D        | Killed a fire giant
  5034 | D        | Noticed a stone giant
  5039 | D        | Reached skill level 5 in Dodging
  5051 | D        | Killed a stone giant
  5186 | D        | Noticed a fire giant
  5207 | D        | Killed a fire giant
  5375 | D        | Bought a glowing cloak for 202 gold pieces
  5375 | D        | Bought the +3 Mad Mage's Maulers {Infuse+∞ VampMP -Cast}
                  | for 1080 gold pieces
  5375 | D        | Found the +3 Mad Mage's Maulers {Infuse+∞ VampMP -Cast}
  5539 | D        | Noticed an ironbound thunderhulk
  5539 | D        | Noticed a formless jellyfish
  5547 | D        | Killed a formless jellyfish
  5551 | D        | Noticed a formless jellyfish
  5561 | D        | Noticed an ironbound thunderhulk
  5562 | D        | Killed a formless jellyfish
  5577 | D        | Noticed an orc warlord
  5581 | D        | Killed an ironbound thunderhulk
  5592 | D        | Killed an ironbound thunderhulk
  5593 | D        | Reached skill level 10 in Shields
  5599 | D        | Killed an orc warlord
  5632 | D        | Noticed a tentacled monstrosity
  5636 | D        | Killed a tentacled monstrosity
  5657 | D        | Noticed a deep elf master archer
  5663 | D        | Reached skill level 15 in Necromancy
  5666 | D        | Killed a deep elf master archer
  5667 | D        | Reached skill level 10 in Dodging
  5673 | D        | Reached XP level 15. HP: 31/165 MP: 0/14
  6038 | D        | Bought a phantom mirror for 1240 gold pieces
  6097 | D        | Noticed Nessos
  6104 | D        | Killed Nessos
  6503 | D        | Noticed Ilsuiw
  6529 | D        | Killed Ilsuiw
  6885 | D        | Got a barnacled rune of Zot
  6893 | D        | Noticed a nagaraja
  6906 | D        | Noticed a nagaraja
  6912 | D        | Killed a nagaraja
  6914 | D        | Noticed a nagaraja
  6919 | D        | Killed a nagaraja
  6924 | D        | Noticed a nagaraja
  6925 | D        | Killed a nagaraja
  6927 | D        | Killed a nagaraja
  7195 | D        | Got a serpentine rune of Zot
  7202 | D        | Noticed an emperor scorpion
  7213 | D        | Killed an emperor scorpion
  7222 | D        | Reached skill level 15 in Shields
  7458 | D        | Noticed an emperor scorpion
  7465 | D        | Noticed an emperor scorpion
  7467 | D        | Killed an emperor scorpion
  7473 | D        | Killed an emperor scorpion
  7521 | D        | Got a gossamer rune of Zot
  7828 | D        | Bought 2 scrolls of blinking for 465 gold pieces
  7828 | D        | Bought a tin of tremorstones (2/2) for 1240 gold pieces
  7831 | D        | Bought a glimmering kite shield for 332 gold pieces
  7831 | D        | Identified the +2 kite shield "Xuraq" {rElec rN+ Int+2}
                  | (You bought it in a shop in the Dungeon)
  8190 | D        | Got a decaying rune of Zot
  8302 | D        | Bought a wand of charming (2) for 139 gold pieces
  8302 | D        | Bought a potion of curing for 87 gold pieces
  8302 | D        | Bought a scroll of identify for 58 gold pieces
  8302 | D        | Bought a scroll of identify for 58 gold pieces
  8302 | D        | Bought a golden potion for 26 gold pieces
  8302 | D        | Bought a lead wand for 116 gold pieces
  8302 | D        | Bought a scroll of identify for 58 gold pieces
  8302 | D        | Bought a scroll of identify for 58 gold pieces
  8338 | D        | Noticed Louise
  8340 | D        | Noticed Snorg
  8347 | D        | Killed Snorg
  8352 | D        | Noticed a hellephant
  8354 | D        | Noticed Margery
  8361 | D        | Killed Louise
  8362 | D        | Killed a hellephant
  8363 | D        | Reached skill level 15 in Dodging
  8366 | D        | Killed Margery
  8374 | D        | Reached XP level 16. HP: 77/180 MP: 3/15
  8901 | D        | Reached skill level 27 in Fighting
  8901 | D        | Reached skill level 27 in Armour
  9021 | D        | Reached skill level 1 in Evocations
  9158 | D        | Noticed a tengu reaver
  9158 | D        | Noticed an ancient lich
  9161 | D        | Killed a tengu reaver
  9195 | D        | Killed an ancient lich
  9198 | D        | Reached skill level 5 in Evocations
  9215 | D        | Noticed a lich
  9215 | D        | Noticed an Orb Guardian
  9216 | D        | Noticed a death cob
  9218 | D        | Killed a lich
  9221 | D        | Killed an Orb Guardian
  9226 | D        | Killed a lich
  9230 | D        | Killed a death cob
  9290 | D        | Noticed a shadow dragon
  9291 | D        | Noticed a shadow dragon
  9297 | D        | Killed a shadow dragon
  9304 | D        | Killed a shadow dragon
  9311 | D        | Reached skill level 15 in Polearms
  9555 | D        | Noticed a shadow dragon
  9555 | D        | Noticed a golden dragon
  9555 | D        | Noticed a shadow dragon
  9567 | D        | Killed a golden dragon
  9570 | D        | Killed a shadow dragon
  9571 | D        | Noticed a shadow dragon
  9576 | D        | Killed a shadow dragon
  9587 | D        | Killed a shadow dragon
  9728 | D        | Got a silver rune of Zot
  9764 | D        | Bought an amulet of regeneration for 450 gold pieces
  9764 | D        | Bought the ring of Rydarphiu {rPois rN+ Int+3 Stlth-} for
                  | 541 gold pieces
  9764 | D        | Bought a dragon-blood talisman for 900 gold pieces
  9764 | D        | Bought the ring "Qavvocu" {rC+ Str+3} for 574 gold pieces
  9814 | D        | Noticed Frances
  9820 | D        | Killed Frances
  9821 | D        | Reached skill level 1 in Shapeshifting
  9951 | D        | Got the amulet of Miehid {Spirit Str+3 SInv Stlth-}
  9954 | D        | Got the amulet "Virakuq" {RegenMP ^Drain Fly rElec rF+
                  | Will++}
  9957 | D        | Found the +12 glaive of Prune {freeze, Prune}
  9961 | D        | Got the ring "Gocvakk" {rPois rN+ EV+3 Str+2 Dex+4}
  9995 | D        | Found the +18 Lear's hauberk
 10153 | D        | Noticed Mara
 10160 | D        | Noticed Heoruswealwe's illusion
 10182 | D        | Noticed Heoruswealwe's illusion
 10187 | D        | Killed Mara
 10188 | D        | Reached XP level 17. HP: 167/191 MP: 2/16
 10285 | D        | Noticed Boris
 10292 | D        | Killed Boris
 10293 | D        | Reached skill level 10 in Evocations
 10402 | D        | Noticed Sojobo
 10423 | D        | Killed Sojobo
 10527 | D        | Reached skill level 5 in Shapeshifting
 10633 | D        | Noticed a golden dragon
 10633 | D        | Noticed a golden dragon
 10635 | D        | Killed a golden dragon
 10637 | D        | Noticed a bone dragon
 10644 | D        | Killed a golden dragon
 10652 | D        | Killed a bone dragon
 10764 | D        | Noticed a tentacled monstrosity
 10777 | D        | Killed a tentacled monstrosity
 10893 | D        | Noticed an electric golem
 10893 | D        | Noticed a tentacled monstrosity
 10908 | D        | Killed an electric golem
 10911 | D        | Killed a tentacled monstrosity
 11023 | D        | Noticed a golden dragon
 11023 | D        | Noticed a tentacled monstrosity
 11036 | D        | Killed a tentacled monstrosity
 11038 | D        | Killed a golden dragon
 11058 | D        | Reached skill level 10 in Shapeshifting
 11150 | D        | Reached skill level 15 in Evocations
 11169 | D        | Reached XP level 18. HP: 200/200 MP: 5/17
 11373 | D        | Noticed an Orb Guardian
 11373 | D        | Noticed an Orb Guardian
 11373 | D        | Noticed an Orb Guardian
 11373 | D        | Noticed an Orb Guardian
 11373 | D        | Noticed an Orb Guardian
 11373 | D        | Noticed an Orb Guardian
 11375 | D        | Killed an Orb Guardian
 11377 | D        | Killed an Orb Guardian
 11380 | D        | Killed an Orb Guardian
 11381 | D        | Killed an Orb Guardian
 11382 | D        | Killed an Orb Guardian
 11383 | D        | Noticed an Orb Guardian
 11386 | D        | Killed an Orb Guardian
 11387 | D        | Noticed an Orb Guardian
 11390 | D        | Killed an Orb Guardian
 11392 | D        | Noticed an Orb Guardian
 11393 | D        | Noticed an Orb Guardian
 11397 | D        | Killed an Orb Guardian
 11400 | D        | Killed an Orb Guardian
 11404 | D        | Killed an Orb Guardian
 11433 | D        | Bought the +1 Delatra's gloves {ID++} for 150 gold pieces
 11433 | D        | Found the +1 Delatra's gloves {ID++}
 11496 | D        | Noticed an Orb Guardian
 11496 | D        | Noticed an Orb Guardian
 11496 | D        | Noticed a golden dragon
 11496 | D        | Noticed a tentacled monstrosity
 11497 | D        | Noticed an Orb Guardian
 11508 | D        | Noticed an Orb Guardian
 11513 | D        | Killed a tentacled monstrosity
 11514 | D        | Reached skill level 27 in Shields
 11515 | D        | Killed an Orb Guardian
 11517 | D        | Killed an Orb Guardian
 11520 | D        | Killed a golden dragon
 11521 | D        | Killed an Orb Guardian
 11523 | D        | Killed an Orb Guardian
 11646 | D        | Noticed an ancient lich
 11648 | D        | Killed an ancient lich
 11742 | D        | Noticed an orb of fire
 11750 | D        | Killed from afar by an orb of fire

Illustrated notes

Levels and vault maps discovered:
D:        linesprint [early_d, line_temple, items_1, d_10, items_2, lair_1,
          lair_end, items_3, orc_1, orc_end, items_4, d_15, swamp_1, shoals_1,
          snake_1, spider_1, d_20, vaults_1, items_5, swamp_end, shoals_end,
          snake_end, spider_end, vaults_end, d_27, items_6, zot_1, zot_end,
          crypt_end, forest_end, elf_end, slime_end, tomb_end, abyss_end,
          pan_hell_end]

Skill      XL: |  1  2  3  4  5  6  7  8  9 10 11 12 13 14 15 16 17 18 |
---------------+-------------------------------------------------------+-----
Polearms       | 7 10 11 16 | 16.0
Fighting       | 6 7 8 9 11 12 13 15 17 19 21 23 26 27 | 27.0
Armour         | 6 7 8 9 11 12 13 15 17 19 21 23 26 27 | 27.0
Maces & Flails | 6 10 12 14 17 20 23 26 27 | 27.0
Necromancy     | 2 4 5 6 8 10 11 13 15 17 19 21 22 | 22.4
Dodging        | 10 15 20 23 25 | 25.6
Shields        | 11 17 22 25 27 | 27.0
Evocations     | 9 15 17 | 17.5
Shapeshifting  | 2 10 12 | 12.9

Action                     |  1- 3 |  4- 6 |  7- 9 | 10-12 | 13-15 | 16-18 || total
---------------------------+-------+-------+-------+-------+-------+-------++-------
  Melee: Trident           |    15 |    30 |       |       |       |       ||    45
         Headbutt          |     3 |     2 |     8 |    33 |    78 |    80 ||   204
         Eveningstar       |       |     8 |    49 |   183 |   357 |   399 ||   996
 Invoke: Call Merchant     |       |       |       |     6 |     5 |     4 ||    15
    Use: Potion            |       |     3 |       |     4 |    12 |       ||    19
         Scroll            |       |     1 |       |     5 |     8 |     3 ||    17
   Stab: Distracted        |       |       |       |       |     5 |     4 ||     9
 Armour: Scale mail        |     6 |    12 |       |       |       |       ||    18
         Plate armour      |       |    15 |    30 |    61 |   193 |   110 ||   409
         Chain mail        |       |       |       |    61 |    94 |       ||   155
  Dodge: Dodged            |     7 |     8 |    19 |    25 |   133 |    97 ||   289
  Block: Buckler           |       |     7 |     4 |    15 |    45 |       ||    71
         Tower shield      |       |       |       |       |    49 |   206 ||   255
